 Dungeon Crawl Stone Soup version 0.30-a0-879-ga8ba668304 (webtiles) character file.

Game seed: 4205722783204964928

1674 ragingrage the Cleaver (level 9, 0/79 HPs)
             Began as a Hill Orc Artificer on Mar 13, 2023.
             Slain by a killer bee (2 damage)
             ... on level 7 of the Dungeon.
             The game lasted 00:07:33 (7006 turns).

ragingrage the Cleaver (Hill Orc Artificer)         Turns: 7006, Time: 00:07:34

Health: 0/79       AC: 10    Str: 19    XL:     9   Next: 1%
Magic:  9/9        EV: 11    Int: 11    God:
Gold:   276        SH:  0    Dex: 17    Spells: 8/8 levels left

rFire   + . .      SeeInvis .    a - +1 hand axe (vamp)
rCold   + + .      Faith    .    (no shield)
rNeg    . . .      Spirit   .    I - +2 leather armour {rC+}
rPois   +          Reflect  .    G - +2 helmet
rElec   +          Rampage  .    (no cloak)
rCorr   +                        u - +0 pair of gloves
Will    .....                    (no boots)
Stlth   ++                       (no amulet)
HPRegen 0.33/turn                o - +6 ring of dexterity
MPRegen 0.11/turn                (no ring)

@: resistant
A: no striking features
a: no special abilities


You were on level 7 of the Dungeon.
You visited 1 branch of the dungeon, and saw 7 of its levels.
You also visited: Sewer.

You collected 276 gold pieces.

Inventory:

Hand Weapons
 a - a +1 vampiric hand axe (weapon)
 b - a +0 sling
 c - the +10 dagger of the Transparent God {freeze, rN+}
   (You found it on level 3 of the Dungeon)

   rN:        It protects you from negative energy.
 N - a +0 war axe
Missiles
 s - 8 poisoned darts (quivered)
 x - 4 curare-tipped darts
Armour
 k - a +0 pair of boots
 u - a +0 pair of gloves (worn)
 G - a +2 helmet (worn)
 I - a +2 leather armour of cold resistance (worn)
 K - a +0 cloak
Jewellery
 g - a ring of ice
 o - a +6 ring of dexterity (left hand)
 t - a ring of fire
 F - an amulet of regeneration
Wands
 d - a wand of charming (7)
 w - a wand of flame (8)
 H - a wand of iceblast (14)
Scrolls
 e - 2 scrolls of butterflies {unknown}
 f - a scroll of amnesia {unknown}
 h - 2 scrolls of silence {unknown}
 i - a scroll of torment
 m - a scroll of poison {unknown}
 n - 2 scrolls of magic mapping {unknown}
 v - a scroll of enchant weapon {unknown}
 y - a scroll of noise {unknown}
 C - a scroll of enchant armour {unknown}
 J - a scroll of teleportation {unknown}
 L - a scroll of brand weapon {unknown}
Potions
 j - a potion of berserk rage {unknown}
 l - a potion of attraction {unknown}
 p - 2 potions of might
 q - a potion of cancellation
 r - a potion of mutation {unknown}
 z - 3 potions of haste
 A - a potion of resistance
 B - 2 potions of heal wounds {unknown}
 D - a potion of curing
 E - a potion of magic
 M - a potion of lignification {unknown}


   Skills:
 + Level 7.0 Fighting
 + Level 8.6 Axes
 + Level 6.7 Armour
 - Level 0.7 Dodging
 - Level 3.0 Stealth
 - Level 3.0 Evocations


You had 8 spell levels left.
You didn't know any spells.
Your spell library contained the following spells:

 Spells                   Type           Power      Damage    Failure   Level
 Sandblast                Erth           0%         2d4       38%         1
 Cigotuvi's Dreadful Rot  Necr/Pois/Air  0%         N/A       52%         2
 Passwall                 Tmut/Erth      0%         N/A       52%         2
 Ozocubu's Armour         Ice            0%         N/A       77%         3
 Stone Arrow              Conj/Erth      0%         3d7       77%         3
 Cause Fear               Hex            0%         N/A       99%         4
 Dispel Undead            Necr           0%         3d6       99%         4
 Blade Hands              Tmut           0%         N/A       100%        5
 Irradiate                Conj/Tmut      0%         3d11      100%        5
 Summon Forest            Summ/Tloc      0%         N/A       100%        5
 Yara's Violent Unravell  Hex/Tmut       0%         3d3       100%        5
 Death Channel            Necr           0%         N/A       100%        6
 Eringya's Noxious Bog    Tmut/Pois      0%         N/A       100%        6
 Dragon Form              Tmut           0%         N/A       100%        7
 Enfeeble                 Hex            0%         N/A       100%        7
 Ozocubu's Refrigeration  Ice            0%         4d7       100%        7
 Summon Hydra             Summ           0%         N/A       100%        7
 Dragon's Call            Summ           0%         N/A       100%        9


Dungeon Overview and Level Annotations

Branches:
Dungeon (7/15)              Sewer (visited)
 Temple: D:4-7

Altars:


Message History

You feel stronger. x2
You barely miss the killer bee. The killer bee barely misses you. x2
You miss the killer bee. The killer bee closely misses you. x2
You hit the killer bee.
You feel better.
The killer bee stings you but does no damage. x2
You closely miss the killer bee. The killer bee stings you.
* * * LOW HITPOINT WARNING * * *
You hit the killer bee but do no damage.
The killer bee closely misses you. The killer bee stings you.
* * * LOW HITPOINT WARNING * * *
You closely miss the killer bee. The killer bee stings you.
* * * LOW HITPOINT WARNING * * *
You are poisoned.
The killer bee poisons you! The killer bee misses you.
You feel better. The killer bee stings you.
* * * LOW HITPOINT WARNING * * *
The killer bee barely misses you.
You barely miss the killer bee. The killer bee closely misses you.
The killer bee barely misses you.
You miss the killer bee.
The killer bee stings you but does no damage.
The killer bee barely misses you.
You closely miss the killer bee. The killer bee barely misses you.
You hit the killer bee.
You feel better. The killer bee misses you. The killer bee stings you.
* * * LOW HITPOINT WARNING * * *
You closely miss the killer bee. The killer bee stings you!
* * * LOW HITPOINT WARNING * * *
The killer bee stings you.
* * * LOW HITPOINT WARNING * * *
You miss the killer bee. The killer bee barely misses you. x2
It was a potion of magic.
Magic courses through your body.
The killer bee stings you but does no damage.
The killer bee closely misses you.
You barely miss the killer bee. The killer bee barely misses you.
You miss the killer bee. The killer bee misses you. The killer bee stings you.
* * * LOW HITPOINT WARNING * * *
You barely miss the killer bee. The killer bee barely misses you.
The killer bee stings you.
You die...

##.........#####
####..........#
.# ####..####.#
.# ##.#### .# #
#.....# .#.#
#####.# .#.# #.#
...
#.#########.#
#....@y...†.#
#############


You could see a killer bee.

Vanquished Creatures
  Grinder (D:3)
  Duvessa (D:5)
  A sky beast (D:6)
  2 black bears
  A phantom (D:6)
  2 bullfrogs
  2 scorpions (D:6)
  2 killer bees (D:7)
  2 hounds
  A jelly (D:6)
  4 orc priests
  3 iguanas
  2 orc wizards
  Terence (D:3)
  9 adders
  9 river rats (Sewer)
  3 shadow imps (D:5)
  A white imp (D:5)
  5 ufetubi
  3 worms
  A dart slug (D:2)
  12 orcs
  8 ball pythons
  8 endoplasms
  4 giant cockroaches
  7 goblins
  3 hobgoblins
  19 kobolds
  2 quokkas
  6 bats
  4 frilled lizards
  20 rats
149 creatures vanquished.

Vanquished Creatures (collateral kills)
  Dowan (D:5)
  A shadow imp (D:5)
  A white imp (D:5)
  An endoplasm (D:3)
4 creatures vanquished.

Vanquished Creatures (others)
  3 killer bees (D:7)
  An ufetubus (D:3)
  A demonic plant (D:5)
  22 plants (D:4)
27 creatures vanquished.

Grand Total: 180 creatures vanquished

Notes
Turn   | Place    | Note
-------+----------+-------------------------------------------
     0 | D:1      | ragingrage the Hill Orc Artificer began the quest for the
                  | Orb.
     0 | D:1      | Reached XP level 1. HP: 16/16 MP: 1/1
    22 | D:1      | Reached skill level 1 in Stealth
   184 | D:1      | Reached XP level 2. HP: 5/23 MP: 2/2
  1223 | D:2      | Reached XP level 3. HP: 28/28 MP: 3/3
  1260 | D:2      | Reached skill level 1 in Axes
  2019 | D:3      | Noticed Grinder
  2022 | D:3      | Paralysed by Grinder for 3 turns
  2029 | D:3      | Paralysed by Grinder for 2 turns
  2034 | D:3      | Killed Grinder
  2035 | D:3      | Reached skill level 6 in Axes
  2035 | D:3      | Reached XP level 4. HP: 34/35 MP: 4/4
  2035 | D:3      | Reached XP level 5. HP: 39/40 MP: 5/5
  2035 | D:3      | Reached XP level 6. HP: 46/47 MP: 6/6
  2614 | D:3      | Noticed Terence
  3107 | D:3      | Killed Terence
  3108 | D:3      | Reached skill level 7 in Axes
  3272 | D:3      | Identified the +10 dagger of the Transparent God {freeze,
                  | rN+}
  3403 | D:4      | Noticed a black bear
  3410 | D:4      | Killed a black bear
  3411 | D:4      | Reached XP level 7. HP: 56/56 MP: 7/7
  3456 | D:4      | Found a glowing drain.
  3460 | Sewer    | Entered a sewer
  5121 | D:5      | Entered Level 5 of the Dungeon
  5313 | D:5      | Reached XP level 8. HP: 52/67 MP: 8/8
  5399 | D:5      | Reached skill level 5 in Fighting
  5399 | D:5      | Reached skill level 5 in Armour
  5614 | D:5      | Noticed Duvessa
  5615 | D:5      | Noticed Dowan
  5629 | D:5      | Killed Dowan
  5631 | D:5      | Killed Duvessa
  6466 | D:6      | Reached skill level 8 in Axes
  6990 | D:7      | Reached XP level 9. HP: 10/79 MP: 9/9
  7005 | D:7      | HP: 1/79 [killer bee (6)]
  7006 | D:7      | Slain by a killer bee

Illustrated notes

Levels and vault maps discovered:
D:1:      dpeg_arrival_rooms_with_view, layout_basic
D:2:      layout_basic
D:3:      layout_basic, uniq_grinder, uniq_terence
D:4:      wad_lake_hut, layout_basic, gup_sewer_entry_bowl,
          nicolae_elevator_lobby_plus
D:5:      layout_loops_ring, serial_demonic, serial_demonic_e, serial_demonic_e,
          serial_demonic_d, serial_demonic_a, serial_demonic_f,
          serial_demonic_c, chequers_serial_rivers_micro_d,
          nicolae_figureground_pulse, uniq_duvessa
D:6:      layout_basic
D:7:      layout_basic, minmay_temple_entry_proselytizer, nicolae_titane

Skill      XL: |  1  2  3  4  5  6  7  8 |
---------------+-------------------------+-----
Stealth        | 1 2 3 |  3.0
Axes           | 6 7 8 |  8.6
Fighting       | 2 4 7 |  7.0
Armour         | 3 4 6 |  6.7
Dodging        | |  0.7
Evocations     | |  3.0

Action                     |  1- 3 |  4- 6 |  7- 9 || total
---------------------------+-------+-------+-------++-------
  Melee: Club              |    95 |       |       ||    95
         Hand axe          |    28 |    49 |   110 ||   187
         Dagger            |       |     6 |   196 ||   202
         Punch             |       |     1 |     2 ||     3
   Fire: Sling             |    26 |     7 |       ||    33
  Throw: Dart              |       |     4 |       ||     4
  Evoke: Wand              |    11 |     2 |     7 ||    20
    Use: Scroll            |       |       |     4 ||     4
         Potion            |       |       |     5 ||     5
   Stab: Sleeping          |     3 |     1 |       ||     4
 Armour: Ring mail         |    62 |    12 |       ||    74
         Scale mail        |       |     5 |   100 ||   105
         Leather armour    |       |       |    58 ||    58
  Dodge: Dodged            |    82 |    25 |   204 ||   311

Table legend: (Time is in decaauts)
 A = Elapsed time spent in this place.
 B = Non-inter-level travel time spent in this place.
 C = Inter-level travel time spent in this place.
 D = Time resting spent in this place.
 E = Time spent auto-exploring this place.
 F = Levels seen in this place.
 G = Mean time per level.
                   A        B        C        D        E       F      G
               +--------+--------+--------+--------+--------+-----+--------+
         Total |   7100 |   6798 |    302 |    923 |   4428 |   8 |  887.5 |
       Dungeon |   6442 |   6140 |    302 |    873 |   4008 |   7 |  920.3 |
         Sewer |    658 |    658 |      0 |     50 |    420 |   1 |  658.0 |
               +--------+--------+--------+--------+--------+-----+--------+

Top non-repeatable levels by time:
     D:3: 1328 daAuts
     D:4: 1156 daAuts
     D:2: 1131 daAuts
     D:1: 944 daAuts
     D:5: 918 daAuts
     D:6: 793 daAuts
   Sewer: 658 daAuts
     D:7: 169 daAuts
